 Dungeon Crawl Stone Soup version 0.32-a0-891-gc41d80381e (webtiles) character file.

Game seed: 16985925740325381569

583 motoroller71 the Ruffian (level 7, -6/71 HPs)
             Began as an Oni Shapeshifter on Apr 3, 2024.
             Was a Follower of Makhleb.
             Succumbed to a scorpion's poison
             ... on level 5 of the Dungeon.
             The game lasted 00:07:27 (4008 turns).

motoroller71 the Ruffian (Oni Shapeshifter)         Turns: 4008, Time: 00:07:28

Health: -6/71      AC:  3    Str: 21    XL:     7   Next: 37%
Magic:  7/7        EV: 14    Int: 11    God:    Makhleb [*.....]
Gold:   242        SH:  0    Dex: 14    Spells: 6/6 levels left

rFire   . .          .
                       - Unarmed
rCold   . . .        (no shield)
rNeg    . . .        a - +0 animal skin
rPois   .            (helmet currently unavailable)
rElec   .            e - melded +0 cloak
rCorr   .            (gloves unavailable)
SInv    .            (boots unavailable)
Will    +....        (no amulet)
Stlth   +            t - +6 ring of dexterity
HPRegen 0.31/turn    w - +5 ring of evasion
MPRegen 0.10/turn

%: no passive effects
@: lethally poisoned (-6 -> -46), beast-form, enlightened, flying
A: beast (slay +2), large, unfitting armour, horns 1, tough skin 1, double
potion healing, drunken brawling
a: Begin Untransformation, Renounce Religion


You were on level 5 of the Dungeon.
You worshipped Makhleb.
Makhleb was aware of your devotion.
You were a hulking beast.
You visited 1 branch of the dungeon, and saw 5 of its levels.

You collected 242 gold pieces.

Inventory:

Hand Weapons
 s - the +5 mace of Eternity {pain, Stlth+}
   (You found it on level 3 of the Dungeon)

   Stlth+:    It makes you more stealthy.
 v - a +0 giant club
 z - a +0 giant spiked club
Armour
 a - a +0 animal skin (worn)
 e - a +0 cloak (melded)
 o - a scarf of resistance
Jewellery
 t - a +6 ring of dexterity (left hand)
 w - a +5 ring of evasion (right hand)
Talismans
 c - a beast talisman (active)
 d - a flux talisman
Wands
 A - a wand of polymorph (8)
Scrolls
 g - a scroll of enchant weapon {unknown}
 h - 3 scrolls of noise {unknown}
 l - 2 scrolls of fog {unknown}
 m - 2 scrolls of blinking {unknown}
 n - a scroll of teleportation {unknown}
 q - 2 scrolls of identify {unknown}
 r - a scroll of immolation {unknown}
 u - a scroll of enchant armour {unknown}
 x - a scroll of vulnerability {unknown}
 y - a scroll of revelation {unknown}
Potions
 b - 2 potions of lignification {!q}
 f - 4 potions of enlightenment
 i - a potion of ambrosia {unknown}
 j - 2 potions of curing {unknown}
 k - a potion of degeneration {unknown}
 p - a potion of cancellation {unknown}
 B - 2 potions of brilliance {unknown}


   Skills:
 + Level 4.7 Fighting
 + Level 2.2 Armour
 - Level 2.0 Dodging
 * Level 5.2 Unarmed Combat
 + Level 4.3 Shapeshifting


You had 6 spell levels left.
You didn't know any spells.
Your spell library contained the following spells:

 Spells                   Type           Power      Damage    Failure   Level
 Hailstorm                Conj/Ice       0%         3d5       71%         3
 Summon Ice Beast         Ice/Summ       0%         N/A       71%         3
 Permafrost Eruption      Ice/Erth       0%         2x4d1     100%        6
 Sculpt Simulacrum        Ice/Alch       0%         N/A       100%        6
 Chain Lightning          Conj/Air       0%         N/A       100%        9
 Fire Storm               Conj/Fire      0%         5d1       100%        9
 Shatter                  Erth           0%         3d5*      100%        9


Dungeon Overview and Level Annotations

Branches:
Dungeon (5/15)             Temple (0/1) D:4

Altars:
Makhleb


Innate Abilities, Weirdness & Mutations

You are a hulking beast.
Your limbs bulge with bestial killing power. (Slay +2)
You are too large for most types of armour.
You have a pair of small horns on your head.
You have tough skin. (AC +1)
You gain doubled healing and magic from potions.
Whenever you drink a healing potion, you attack all around you.


Message History

You take 1 damage, and have 34/71 hp.
Unknown command.
You hit the scorpion.
You feel sick. The scorpion barely misses you.
You take 2 damage, and have 32/71 hp.
Unknown command.
You barely miss the scorpion.
You feel sick. The scorpion misses you.
You take 1 damage, and have 31/71 hp.
Unknown command.
You hit the scorpion.
You feel sick. The scorpion stings you.
* * * LOW HITPOINT WARNING * * *
You are more poisoned.
The scorpion poisons you! The scorpion closely misses you.
You take 7 damage, and have 24/71 hp.
You hit the scorpion.
You feel very sick. The scorpion stings you.
* * * LOW HITPOINT WARNING * * *
You are lethally poisoned!
The scorpion poisons you!
You take 4 damage, and have 20/71 hp.
You hit the scorpion. You headbutt the scorpion.
* * * LOW HITPOINT WARNING * * *
You feel very sick. The scorpion stings you.
* * * LOW HITPOINT WARNING * * *
You are more poisoned.
The scorpion poisons you!
You take 8 damage, and have 12/71 hp.
You hit the scorpion but do no damage.
* * * LOW HITPOINT WARNING * * *
You feel extremely sick. The scorpion stings you.
* * * LOW HITPOINT WARNING * * *
You are more poisoned.
The scorpion poisons you!
You take 10 damage, and have 2/71 hp.
It was a potion of enlightenment.
You feel very buoyant.
You fly up into the air.
You die...

...............
...............^
................
......[.........
.[......>.#...
...........#
......:....#
...........##
#......h#...#
#......s##..##
##......##...##
..
##....####...##
.... #####
#....# ...#
##...## ...#
#....## ...#
#.....## ..#
##.....##


You could see a scorpion.

Levels and vault maps discovered:
D:1:      tarquinn_simple_flora_water_c, layout_basic
D:2:      layout_basic, basic_altar
D:3:      layout_basic
D:4:      layout_basic, minmay_temple_entry_glass, st_stairs_14
D:5:      layout_cave_pods, grunt_ministairs_6, minmay_liquid_box

Notes
Turn   | Place    | Note
-------+----------+-------------------------------------------
     0 | D:1      | motoroller71 the Oni Shapeshifter began the quest for the
                  | Orb.
     0 | D:1      | Reached XP level 1. HP: 19/19 MP: 1/1
     7 | D:1      | Identified a +0 cloak
    40 | D:1      | Identified a +0 club
    48 | D:1      | Reached skill level 2 in Dodging
    48 | D:1      | Reached XP level 2. HP: 26/28 MP: 2/2
    58 | D:1      | Identified a +0 pair of boots
   165 | D:1      | Reached skill level 2 in Fighting
   219 | D:1      | Identified a +0 whip
   225 | D:1      | Reached skill level 3 in Unarmed Combat
   282 | D:1      | Reached XP level 3. HP: 33/35 MP: 3/3
   308 | D:1      | Identified a +2 helmet
   411 | D:1      | Identified a +0 robe
   432 | D:1      | Identified a +0 short sword
   637 | D:1      | Identified a +0 animal skin
   712 | D:2      | Identified a +0 club
   782 | D:2      | Found a burning altar of Makhleb.
   788 | D:2      | Identified a +0 dagger
   788 | D:2      | Identified a +0 sling
   791 | D:2      | Became a worshipper of Makhleb the Destroyer
   862 | D:2      | Identified a +0 short sword
   863 | D:2      | Identified a +0 dagger
   982 | D:2      | Identified a +0 club
   992 | D:2      | Identified a scarf of resistance
  1270 | D:2      | Identified a +0 spear
  1628 | D:2      | Identified a +0 ring mail
  1817 | D:3      | Reached XP level 4. HP: 40/44 MP: 4/4
  1839 | D:3      | Identified a +0 sling of draining
  1969 | D:3      | Identified a +0 dagger
  1969 | D:3      | Identified a +0 sling
  2026 | D:3      | Identified a +0 whip
  2129 | D:3      | Identified a +0 whip
  2344 | D:3      | Identified the +5 mace of Eternity {pain, Stlth+}
  2346 | D:3      | Identified a +6 ring of dexterity
  2460 | D:4      | Found a staircase to the Ecumenical Temple.
  2460 | D:4      | Identified a +0 giant club
  2460 | D:4      | Noticed an ogre
  2461 | D:4      | Identified a +0 dagger
  2473 | D:4      | Killed an ogre
  2474 | D:4      | Reached skill level 3 in Fighting
  2474 | D:4      | Reached skill level 4 in Unarmed Combat
  2474 | D:4      | Reached XP level 5. HP: 20/53 MP: 5/5
  2599 | D:4      | Identified a +0 short sword
  2599 | D:4      | Identified a +0 leather armour
  2601 | D:4      | Identified a +0 dagger
  2601 | D:4      | Identified a +0 chain mail
  2601 | D:4      | Identified a +0 flail
  2602 | D:4      | Identified a +0 short sword
  2602 | D:4      | Identified a +0 ring mail
  2602 | D:4      | Identified a +0 dagger
  2602 | D:4      | Identified a +0 robe
  2691 | D:4      | Reached skill level 1 in Armour
  2771 | D:4      | Identified a +5 ring of evasion
  2774 | D:4      | Identified a +6 ring of intelligence
  2886 | D:4      | Reached XP level 6. HP: 42/62 MP: 6/6
  2890 | D:4      | Reached * piety under Makhleb
  3018 | D:4      | Identified a +0 club
  3113 | D:4      | Reached skill level 4 in Shapeshifting
  3507 | D:4      | Reached skill level 4 in Fighting
  3550 | D:5      | Entered Level 5 of the Dungeon
  3779 | D:5      | Identified a +0 giant spiked club
  3791 | D:5      | Reached skill level 2 in Armour
  3791 | D:5      | Reached skill level 5 in Unarmed Combat
  3791 | D:5      | Reached XP level 7. HP: 64/71 MP: 7/7
  3813 | D:5      | Identified a +0 dagger
  3928 | D:5      | Identified a +0 flail
  3928 | D:5      | Identified a +0 hand axe
  3928 | D:5      | Identified a +0 club
  3928 | D:5      | Identified a +0 ring mail
  4006 | D:5      | HP: 15/71 [poisoned by a scorpion]
  4007 | D:5      | HP: 4/71 [poisoned by a scorpion]
  4008 | D:5      | Identified 5 potions of enlightenment
  4008 | D:5      | Succumbed to a scorpion's poison

Table legend: (Time is in decaauts)
 A = Elapsed time spent in this place.
 B = Non-inter-level travel time spent in this place.
 C = Inter-level travel time spent in this place.
 D = Time resting spent in this place.
 E = Time spent auto-exploring this place.
 F = Levels seen in this place.
 G = Mean time per level.
                   A        B        C        D        E       F      G
               +--------+--------+--------+--------+--------+-----+--------+
         Total |   4017 |   3992 |     25 |    740 |   2573 |   5 |  803.4 |
       Dungeon |   4017 |   3992 |     25 |    740 |   2573 |   5 |  803.4 |
               +--------+--------+--------+--------+--------+-----+--------+

Top non-repeatable levels by time:
     D:2: 1110 daAuts
     D:4: 1038 daAuts
     D:3: 730 daAuts
     D:1: 685 daAuts
     D:5: 452 daAuts

Table legend:
 A = Kills in this place as a percentage of kills in the entire game.
 B = Kills by you in this place as a percentage of kills by you in the entire game.
 C = Kills by friends in this place as a percentage of kills by friends in the entire game.
 D = Other kills in this place as a percentage of other kills in the entire game.
 E = Experience gained in this place as a percentage of experience gained in the entire game.
 F = Experience gained in this place divided by the number of levels of this place that you have seen.
                   A       B       C       D       E      F
               +-------+-------+-------+-------+-------+----------------------
         Total | 100.0 | 100.0 |   N/A |   N/A | 100.0 | 166.6
       Dungeon | 100.0 | 100.0 |   N/A |   N/A | 100.0 | 166.6
               +-------+-------+-------+-------+-------+----------------------

Skill      XL: |  1  2  3  4  5  6 |
---------------+-------------------+-----
Dodging        | 2 |  2.0
Fighting       | 2 3 4 |  4.7
Unarmed Combat | 3 4 5 |  5.2
Armour         | 1 2 |  2.2
Shapeshifting  | 4 |  4.3

Action                     |  1- 3 |  4- 6 |  7- 9 || total
---------------------------+-------+-------+-------++-------
  Melee: Unarmed           |   102 |    67 |    33 ||   202
         Headbutt          |     9 |    22 |     6 ||    37
         Giant club        |       |    34 |       ||    34
         Punch             |       |       |     1 ||     1
Ability: Begin Untransform |     1 |       |       ||     1
    Use: Potion            |       |       |     1 ||     1
 Armour: Animal skin       |    69 |    76 |    19 ||   164
  Dodge: Dodged            |    39 |    62 |    21 ||   122
         Form:             |     1 |       |       ||     1
         Beast             |     1 |       |       ||     1
         Flux              |     1 |       |       ||     1

Vanquished Creatures
  An ice beast (D:5)
  2 ogres
  4 hounds
  3 iguanas
  An orc wizard (D:4)
  2 adders (D:3)
  3 dart slugs
  2 ribbon worms
  8 orcs
  6 endoplasms
  A giant cockroach (D:4)
  8 goblins
  9 hobgoblins
  6 jackals (D:1)
  4 quokkas (D:1)
  2 ball pythons
  6 bats
  2 frilled lizards
  5 kobolds
  3 rats
78 creatures vanquished.
